Maple Leafs vs Red Wings

Created - 21 mars 2018 at 19:41

Goals
1 2 3 T
Maple Leafs 1 0 2 3
Red Wings 0 0 2 2
Shots
1 2 3 T
Maple Leafs 12 0 17 29
Red Wings 11 5 18 34

1st period

1. Maple Leafs , Nikolaj Ehlers 23 (Logan Couture 34, Marc-Andre Fleury) at 11:54 (PP)

Penalties :
Toby Enstrom (TOR) for Interference (Minor) at 2:02, Mark Scheifele (DET) for Roughing (Minor) at 10:14

2nd period

No Goal

Penalties :
Dion Phaneuf (DET) for Interference (Minor) at 0:03, Mike Hoffman (TOR) for Cross-checking (Minor) at 9:09

3rd period

2. Red Wings , John Tavares 39 (Connor Murphy 13, Tomas Tatar 19) at 4:15
3. Red Wings , Ben Hutton 2 (Sam Gagner 23, Dion Phaneuf 21) at 5:46
4. Maple Leafs , Jesper Bratt 9 (Tom Kostopoulos 4, Stephen Gionta 12) at 13:24
5. Maple Leafs , Sergey Kalinin 7 (Nicklas Jensen 12) at 17:22

Penalties :
Tom Kostopoulos (TOR) for Interference (Minor) at 14:42

Goalie Stats

Marc-Andre Fleury (TOR), 32 saves from 34 shots - (0,941), W, 21-23-6, 60:00 minutes
James Reimer (DET), 26 saves from 29 shots - (0,897), L, 27-20-5, 59:21 minutes

Players Stats for Maple Leafs

Player Name              G  A  P  +/- PIM S  H  SB GA TA FO     MP     PP MP  PK MP  
------------------------------------------------------------------------------------
Blake Comeau             0  0  0  -1  0   2  1  0  0  0  0/0    16:08   2:24   0:00 
Bobby Ryan               0  0  0  -1  0   2  2  0  0  1  1/2    20:29   1:15   1:44 
Boyd Gordon              0  0  0   1  0   1  1  0  0  0  0/0     8:20   0:00   0:00 
Fredrik Claesson         0  0  0   0  0   0  0  0  0  0  0/0     0:09   0:00   0:00 
Hampus Lindholm          0  0  0  -2  0   1  1  2  0  1  0/0    28:07   2:34   2:06 
Jeff Petry               0  0  0  -2  0   0  4  2  1  0  0/0    28:07   2:34   2:06 
Jesper Bratt             1  0  1   1  0   2  2  0  0  0  0/0    11:48   0:00   0:59 
Lars Eller               0  0  0  -1  0   0  0  1  1  0  0/1    16:08   2:24   0:00 
Logan Couture            0  1  1  -1  0   1  6  1  0  1  19/35  21:16   1:15   3:27 
Mike Hoffman             0  0  0  -1  2   2  1  0  0  0  1/8    18:07   2:24   1:19 
Mikhail Sergachev        0  0  0   1  0   1  1  1  0  1  0/0    19:29   1:05   3:03 
Nicklas Jensen           0  1  1   1  0   5  0  0  0  0  0/0     8:20   0:00   0:00 
Nikolaj Ehlers           1  0  1  -1  0   7  1  0  3  0  1/3    21:16   1:15   3:27 
Paul Martin              0  0  0   1  0   0  2  2  0  4  0/0    19:34   1:05   3:03 
Sergey Kalinin           1  0  1   1  0   1  1  0  0  0  1/3     8:32   0:00   0:12 
Stephen Gionta           0  1  1   1  0   1  0  2  1  0  4/6    11:52   0:00   0:46 
Steven Santini           0  0  0   1  0   1  0  1  0  0  0/0    11:41   0:00   0:48 
Toby Enstrom             0  0  0   1  2   2  2  0  0  1  0/0    12:14   0:00   0:00 
Tom Kostopoulos          0  1  1   1  2   0  1  0  0  0  0/0    11:05   0:00   0:00 
Troy Stecher             0  0  0   0  0   0  0  0  0  0  0/0     1:18   0:00   0:48 

Players Stats for Red Wings

Player Name              G  A  P  +/- PIM S  H  SB GA TA FO     MP     PP MP  PK MP  
------------------------------------------------------------------------------------
Ben Hutton               1  0  1   1  0   2  1  1  0  1  0/0    19:34   3:29   0:58 
Brandon Dubinsky         0  0  0   0  0   3  2  1  0  0  13/22  17:02   2:55   1:23 
Cedric Paquette          0  0  0   0  0   0  2  0  0  1  0/0     9:05   0:43   1:55 
Christian Djoos          0  0  0   0  0   2  0  1  0  1  0/0    11:52   0:19   1:57 
Connor Murphy            0  1  1   1  0   1  2  2  0  0  0/0    18:13   1:03   1:57 
David Pastrnak           0  0  0   0  0   9  2  0  1  1  1/1    17:08   3:11   0:25 
Dion Phaneuf             0  1  1  -1  2   3  4  0  0  0  0/0    27:40   1:50   0:44 
Dylan DeMelo             0  0  0   0  0   0  0  0  0  0  0/0    12:16   2:58   0:00 
Jake DeBrusk             0  0  0   0  0   1  2  0  1  0  0/0     7:14   0:43   0:00 
John Carlson             0  0  0  -1  0   3  2  2  0  1  0/0    29:04   2:08   1:42 
John Tavares             1  0  1   0  0   2  0  0  3  0  10/23  22:06   2:07   0:00 
Joseph Blandisi          0  0  0   0  0   1  1  0  1  0  0/0    10:37   0:43   0:00 
Lukas Sedlak             0  0  0   0  0   1  0  0  0  0  2/3     7:46   0:19   0:00 
Mark Scheifele           0  0  0   0  2   0  4  0  1  0  0/0    22:12   2:07   0:00 
Matt Nieto               0  0  0   0  0   0  0  0  1  0  0/1    11:13   0:12   0:46 
Nick Bonino              0  0  0   0  0   0  2  1  0  1  4/5    12:22   0:12   1:55 
Oscar Lindberg           0  0  0   0  0   0  0  0  0  0  0/0     3:01   0:00   0:54 
Sam Gagner               0  1  1   0  0   4  2  1  1  0  0/0    15:32   2:55   0:00 
Tomas Tatar              0  1  1   0  0   2  0  0  0  0  1/3    21:51   1:51   0:00 

3 Stars

1 - Jesper Bratt (TOR)
2 - Marc-Andre Fleury (TOR)
3 - Sergey Kalinin (TOR)

Power Play

Maple Leafs - 1 on 2 Attempt(s) - 50,00%
Red Wings - 0 on 3 Attempt(s) - 0,00%

Penalty Kill

Maple Leafs - 3 on 3 Attempt(s) - 100,00% - Score 0 goal in Penalty Kill
Red Wings - 1 on 2 Attempt(s) - 50,00% - Score 0 goal in Penalty Kill

Team Stat

Maple Leafs - Hits : 26 - Faceoff Wins : 27 - Blocked Shots : 12 - Penalty Minutes : 6
Red Wings - Hits : 26 - Faceoff Wins : 31 - Blocked Shots : 9 - Penalty Minutes : 4

Official

Referees : Dan O'Halloran and Tim Peel
Linesman : Kiel Murchison and Darren Gibbs

Game Notes

No Game Note

Finance

Level 1 -- Attendance: 4578 (76,30%) -- Ticket Income 457 800 $
Level 2 -- Attendance: 5000 (100,00%) -- Ticket Income 300 000 $
Level 3 -- Attendance: 1986 (99,30%) -- Ticket Income 69 510 $
Level 4 -- Attendance: 4000 (100,00%) -- Ticket Income 80 000 $
Luxury Box -- Attendance: 721 (72,10%) -- Ticket Income 144 200 $
Game was played at the Octopus Arena.
Total Attendance: 16285 (90,47%)
Total Ticket Income: 1 051 510 $
Other Income: 515 240 $
Total Income: 1 566 750 $

Maple Leafs

5 vs 5 Forward 
   Center                   Left Wing                Right Wing               Time % Phy DF OF 
 1 Logan Couture            Bobby Ryan               Nikolaj Ehlers           40     1   2  2  
 2 Mike Hoffman             Blake Comeau             Lars Eller               30     1   2  2  
 3 Stephen Gionta           Jesper Bratt             Tom Kostopoulos          20     1   2  2  
 4 Sergey Kalinin           Nicklas Jensen           Boyd Gordon              10     1   2  2  

5 vs 5 Defense 
   Defense                  Defense                                           Time % Phy DF OF 
 1 Hampus Lindholm          Jeff Petry                                        40     1   2  2  
 2 Mikhail Sergachev        Paul Martin                                       30     1   2  2  
 3 Toby Enstrom             Steven Santini                                    20     1   2  2  
 4 Hampus Lindholm          Jeff Petry                                        10     1   2  2  

PowerPlay Forward 
   Center                   Left Wing                Right Wing               Time % Phy DF OF 
 1 Logan Couture            Bobby Ryan               Nikolaj Ehlers           60     1   2  2  
 2 Mike Hoffman             Blake Comeau             Lars Eller               40     1   2  2  

PowerPlay Defense
   Defense                  Defense                                           Time % Phy DF OF 
 1 Hampus Lindholm          Jeff Petry                                        60     1   2  2  
 2 Mikhail Sergachev        Paul Martin                                       40     1   2  2  

Penalty Kill 4 Players Forward 
   Center                   Wing                     Time % Phy DF OF 
 1 Logan Couture            Nikolaj Ehlers           60     1   2  2  
 2 Mike Hoffman             Bobby Ryan               40     1   2  2  

Penalty Kill 4 Players Defense
   Defense                  Defense                  Time % Phy DF OF 
 1 Hampus Lindholm          Jeff Petry               60     1   2  2  
 2 Mikhail Sergachev        Paul Martin              40     1   2  2  

Penalty Kill - 3 Players Forward 
   Forward                                           Time % Phy DF OF 
 1 Logan Couture                                     60     1   2  2  
 2 Nikolaj Ehlers                                    40     1   2  2  

Penalty Kill - 3 Players Defense
   Defense                  Defense                  Time % Phy DF OF 
 1 Hampus Lindholm          Jeff Petry               60     1   2  2  
 2 Mikhail Sergachev        Paul Martin              40     1   2  2  

4 vs 4 Forward 
   Center                   Wing                     Time % Phy DF OF 
 1 Logan Couture            Nikolaj Ehlers           60     1   2  2  
 2 Mike Hoffman             Bobby Ryan               40     1   2  2  

4 vs 4 Defense
   Defense                  Defense                  Time % Phy DF OF 
 1 Hampus Lindholm          Jeff Petry               60     1   2  2  
 2 Mikhail Sergachev        Paul Martin              40     1   2  2  

Last Minutes Offensive
   Center                   Left Wing                Right Wing               Defense                  Defense                  
   Logan Couture            Bobby Ryan               Nikolaj Ehlers           Hampus Lindholm          Jeff Petry               

Last Minutes Defensive
   Center                   Left Wing                Right Wing               Defense                  Defense                  
   Logan Couture            Bobby Ryan               Nikolaj Ehlers           Hampus Lindholm          Jeff Petry               

Goaltenders
Starting : Marc-Andre Fleury        
Backup : Petr Mrazek              

Extra Forwards
Normal : Jesper Bratt, Tom Kostopoulos, Stephen Gionta - PP : Jesper Bratt, Tom Kostopoulos - PK : Stephen Gionta
Extra Defensemen
Normal : Toby Enstrom, Steven Santini, Mikhail Sergachev - PP : Toby Enstrom - PK : Steven Santini, Mikhail Sergachev
Penalty Shots
Logan Couture, Nikolaj Ehlers, Mike Hoffman, Bobby Ryan, Blake Comeau
Custom OT Lines Forwards
Logan Couture, Nikolaj Ehlers, Mike Hoffman, Bobby Ryan, Blake Comeau, Lars Eller, Jesper Bratt, Tom Kostopoulos, Stephen Gionta, Sergey Kalinin
Custom OT Lines Defensemen
Hampus Lindholm, Jeff Petry, Mikhail Sergachev, Paul Martin, Toby Enstrom

Scratches
A.J. White (Healthy)

Red Wings

5 vs 5 Forward 
   Center                   Left Wing                Right Wing               Time % Phy DF OF 
 1 John Tavares             Tomas Tatar              Mark Scheifele           42     1   2  2  
 2 Brandon Dubinsky         Sam Gagner               David Pastrnak           32     1   2  2  
 3 Nick Bonino              Matt Nieto               Joseph Blandisi          18     1   2  2  
 4 Lukas Sedlak             Jake DeBrusk             Cedric Paquette          8      2   2  1  

5 vs 5 Defense 
   Defense                  Defense                                           Time % Phy DF OF 
 1 John Carlson             Dion Phaneuf                                      40     2   2  1  
 2 Ben Hutton               Connor Murphy                                     30     2   2  1  
 3 Christian Djoos          Dylan DeMelo                                      20     2   2  1  
 4 John Carlson             Dion Phaneuf                                      10     1   2  2  

PowerPlay Forward 
   Center                   Left Wing                Right Wing               Time % Phy DF OF 
 1 John Tavares             David Pastrnak           Mark Scheifele           60     1   1  3  
 2 Brandon Dubinsky         Sam Gagner               Tomas Tatar              40     1   1  3  

PowerPlay Defense
   Defense                  Defense                                           Time % Phy DF OF 
 1 John Carlson             Ben Hutton                                        60     1   1  3  
 2 Dylan DeMelo             Dion Phaneuf                                      40     1   1  3  

Penalty Kill 4 Players Forward 
   Center                   Wing                     Time % Phy DF OF 
 1 Nick Bonino              Cedric Paquette          60     1   3  1  
 2 Brandon Dubinsky         Matt Nieto               40     1   3  1  

Penalty Kill 4 Players Defense
   Defense                  Defense                  Time % Phy DF OF 
 1 Connor Murphy            Christian Djoos          60     1   3  1  
 2 John Carlson             Dion Phaneuf             40     1   3  1  

Penalty Kill - 3 Players Forward 
   Forward                                           Time % Phy DF OF 
 1 Nick Bonino                                       60     1   4  0  
 2 Brandon Dubinsky                                  40     1   4  0  

Penalty Kill - 3 Players Defense
   Defense                  Defense                  Time % Phy DF OF 
 1 Connor Murphy            Christian Djoos          60     1   4  0  
 2 John Carlson             Dion Phaneuf             40     1   4  0  

4 vs 4 Forward 
   Center                   Wing                     Time % Phy DF OF 
 1 John Tavares             David Pastrnak           60     1   2  2  
 2 Nick Bonino              Mark Scheifele           40     1   2  2  

4 vs 4 Defense
   Defense                  Defense                  Time % Phy DF OF 
 1 Dion Phaneuf             John Carlson             60     1   2  2  
 2 Christian Djoos          Connor Murphy            40     1   2  2  

Last Minutes Offensive
   Center                   Left Wing                Right Wing               Defense                  Defense                  
   John Tavares             David Pastrnak           Mark Scheifele           Dion Phaneuf             John Carlson             

Last Minutes Defensive
   Center                   Left Wing                Right Wing               Defense                  Defense                  
   Nick Bonino              Brandon Dubinsky         Matt Nieto               Dion Phaneuf             John Carlson             

Goaltenders
Starting : James Reimer             
Backup : Anders Nilsson           

Extra Forwards
Normal : John Tavares, Lukas Sedlak, Oscar Lindberg - PP : John Tavares, David Pastrnak - PK : Oscar Lindberg
Extra Defensemen
Normal : Connor Murphy, Christian Djoos, Ben Hutton - PP : Connor Murphy - PK : Connor Murphy, Ben Hutton
Penalty Shots
Nick Bonino, John Tavares, David Pastrnak, Tomas Tatar, Mark Scheifele
Custom OT Lines Forwards
John Tavares, David Pastrnak, Mark Scheifele, Cedric Paquette, Brandon Dubinsky, Tomas Tatar, Nick Bonino, Matt Nieto, Joseph Blandisi, Jake DeBrusk
Custom OT Lines Defensemen
Ben Hutton, Dion Phaneuf, John Carlson, Connor Murphy, Christian Djoos

Scratches
Bryce Van Brabant (Healthy), Michael Zalewski (Healthy), Ryan Johnston (Healthy)

% Time on Ice - Maple Leafs

Lines # - Real PCT - Wanted PCT - Time Play
Normal Forward
1 - 32% - 40% - 15:40
2 - 29% - 30% - 14:24
3 - 22% - 20% - 11:01
4 - 17% - 10% - 8:20
Normal Defense
1 - 41% - 40% - 20:21
2 - 31% - 30% - 15:22
3 - 21% - 20% - 10:36
4 - 6% - 10% - 3:06
PP Forward
1 - 34% - 60% - 1:15
2 - 66% - 40% - 2:24
PP Defense
1 - 70% - 60% - 2:34
2 - 30% - 40% - 1:05
PK Forward
1 - 78% - 60% - 4:38
2 - 22% - 40% - 1:19
PK Defense
1 - 35% - 60% - 2:06
2 - 65% - 40% - 3:51
PK3 Forward
1 - 0% - 60%
2 - 0% - 40%
PK3 Defense
1 - 0% - 60%
2 - 0% - 40%
44 Forward
1 - 0% - 60%
2 - 0% - 40%
44 Defense
1 - 0% - 60%
2 - 0% - 40%
Last Minute Offensive  - 0:00
Last Minute Defensive  - 0:59
Total
Forward - 60:00
Defense - 60:00

% Time on Ice - Red Wings

Lines # - Real PCT - Wanted PCT - Time Play
Normal Forward
1 - 40% - 42% - 20:06
2 - 26% - 32% - 12:44
3 - 21% - 18% - 10:18
4 - 13% - 8% - 6:31
Normal Defense
1 - 44% - 40% - 21:55
2 - 31% - 30% - 15:14
3 - 18% - 20% - 8:56
4 - 7% - 10% - 3:34
PP Forward
1 - 36% - 60% - 2:07
2 - 64% - 40% - 3:50
PP Defense
1 - 64% - 60% - 3:48
2 - 36% - 40% - 2:09
PK Forward
1 - 79% - 60% - 2:53
2 - 21% - 40% - 0:46
PK Defense
1 - 53% - 60% - 1:57
2 - 47% - 40% - 1:42
PK3 Forward
1 - 0% - 60%
2 - 0% - 40%
PK3 Defense
1 - 0% - 60%
2 - 0% - 40%
44 Forward
1 - 0% - 60%
2 - 0% - 40%
44 Defense
1 - 0% - 60%
2 - 0% - 40%
Last Minute Offensive  - 0:45
Last Minute Defensive  - 0:00
Total
Forward - 60:00
Defense - 60:00

Play by Play

1st period


0:01 of 1st period - Logan Couture wins face-off versus John Tavares in neutral zone.
0:04 of 1st period - John Carlson is hit by Jeff Petry and loses puck.
0:11 of 1st period - Snap shot by Logan Couture.
0:11 of 1st period - Shot Blocked by John Carlson.
0:13 of 1st period - Snap shot by Hampus Lindholm.
0:13 of 1st period - Shot Misses the Net.
0:43 of 1st period - John Tavares is hit by Jesper Bratt and loses puck.
0:51 of 1st period - Icing by Ben Hutton.
0:52 of 1st period - John Tavares wins face-off versus Mike Hoffman in Red Wings zone.
1:21 of 1st period - Wrist shot by David Pastrnak.
1:21 of 1st period - Stopped by Marc-Andre Fleury with a rebound.
1:23 of 1st period - Snap shot by Brandon Dubinsky.
1:23 of 1st period - Stopped by Marc-Andre Fleury with a rebound.
2:02 of 1st period - Minor Penalty to Toby Enstrom for Interference.
2:03 of 1st period - Logan Couture wins face-off versus John Tavares in Maple Leafs zone.
2:12 of 1st period - Jeff Petry is hit by Mark Scheifele and loses puck.
2:24 of 1st period - Icing by Ben Hutton.
2:25 of 1st period - Brandon Dubinsky wins face-off versus Mike Hoffman in Red Wings zone.
2:54 of 1st period - Snap shot by Brandon Dubinsky.
2:54 of 1st period - Shot Blocked by Paul Martin.
2:56 of 1st period - Snap shot by John Carlson.
2:56 of 1st period - Shot Misses the Net.
2:58 of 1st period - Slapshot by John Carlson.
2:58 of 1st period - Deflect By Sam Gagner.
2:58 of 1st period - Shot Misses the Net.
2:58 of 1st period - Puck is out of play.
2:59 of 1st period - Logan Couture wins face-off versus John Tavares in Maple Leafs zone.
4:02 of 1st period - Penalty to Toby Enstrom is over, Toby Enstrom is back on ice.
4:08 of 1st period - Mike Hoffman is hit by John Carlson and loses puck.
4:26 of 1st period - Mike Hoffman is hit by Jake DeBrusk.
4:32 of 1st period - Paul Martin is hit by Jake DeBrusk and loses puck.
4:57 of 1st period - Connor Murphy is hit by Paul Martin and loses puck.
5:16 of 1st period - Slapshot by Mikhail Sergachev.
5:16 of 1st period - Stopped by James Reimer without a rebound.
5:17 of 1st period - Stephen Gionta wins face-off versus John Tavares in Red Wings zone.
5:58 of 1st period - Snap shot by John Tavares.
5:58 of 1st period - Shot Blocked by Stephen Gionta.
6:00 of 1st period - Slapshot by Dion Phaneuf.
6:00 of 1st period - Stopped by Marc-Andre Fleury with a rebound.
6:37 of 1st period - Slapshot by John Tavares.
6:37 of 1st period - Shot Misses the Net.
6:39 of 1st period - Slapshot by John Carlson.
6:39 of 1st period - Deflect By John Tavares.
6:39 of 1st period - Shot Blocked by Steven Santini.
6:39 of 1st period - Puck is out of play.
6:40 of 1st period - Brandon Dubinsky wins face-off versus Logan Couture in Maple Leafs zone.
6:51 of 1st period - Wrist shot by David Pastrnak.
6:51 of 1st period - Stopped by Marc-Andre Fleury with a rebound.
7:07 of 1st period - Christian Djoos is hit by Jeff Petry and loses puck.
7:12 of 1st period - Snap shot by Mike Hoffman.
7:12 of 1st period - Shot Misses the Net.
7:14 of 1st period - Slapshot by Hampus Lindholm.
7:14 of 1st period - Stopped by James Reimer with a rebound.
7:16 of 1st period - Wrist shot by Blake Comeau.
7:16 of 1st period - Shot Blocked by Christian Djoos.
7:18 of 1st period - Wrist shot by Hampus Lindholm.
7:18 of 1st period - Shot Blocked by Nick Bonino.
7:30 of 1st period - Wrist shot by Jake DeBrusk.
7:30 of 1st period - Stopped by Marc-Andre Fleury without a rebound.
7:31 of 1st period - Lukas Sedlak wins face-off versus Sergey Kalinin in Maple Leafs zone.
7:44 of 1st period - Slapshot by Nicklas Jensen.
7:44 of 1st period - Stopped by James Reimer without a rebound.
7:45 of 1st period - Brandon Dubinsky wins face-off versus Logan Couture in Red Wings zone.
7:45 of 1st period - Brandon Dubinsky is hit by Logan Couture.
7:55 of 1st period - Snap shot by Nikolaj Ehlers.
7:55 of 1st period - Stopped by James Reimer without a rebound.
7:56 of 1st period - Logan Couture wins face-off versus Brandon Dubinsky in Red Wings zone.
9:02 of 1st period - Wrist shot by Nicklas Jensen.
9:02 of 1st period - Stopped by James Reimer without a rebound.
9:03 of 1st period - Logan Couture wins face-off versus Lukas Sedlak in Red Wings zone.
9:04 of 1st period - Wrist shot by Nikolaj Ehlers.
9:04 of 1st period - Shot Misses the Net.
9:06 of 1st period - Slapshot by Toby Enstrom.
9:06 of 1st period - Stopped by James Reimer without a rebound.
9:07 of 1st period - Logan Couture wins face-off versus Brandon Dubinsky in Red Wings zone.
9:33 of 1st period - Logan Couture is hit by Dion Phaneuf and loses puck.
10:04 of 1st period - Wrist shot by Blake Comeau.
10:04 of 1st period - Shot Misses the Net.
10:14 of 1st period - Minor Penalty to Mark Scheifele for Roughing.
10:15 of 1st period - Nick Bonino wins face-off versus Lars Eller in Red Wings zone.
10:40 of 1st period - Christian Djoos is hit by Hampus Lindholm and loses puck.
11:32 of 1st period - Slapshot by Jeff Petry.
11:32 of 1st period - Shot Blocked by Connor Murphy.
11:40 of 1st period - Wrist shot by Mike Hoffman.
11:40 of 1st period - Stopped by James Reimer with a rebound.
11:42 of 1st period - Slapshot by Mike Hoffman.
11:42 of 1st period - Stopped by James Reimer without a rebound.
11:43 of 1st period - Nick Bonino wins face-off versus Logan Couture in Red Wings zone.
11:54 of 1st period - Wrist shot by Nikolaj Ehlers.
11:54 of 1st period - Goal by Nikolaj Ehlers - Maple Leafs : 1 - Red Wings : 0.
11:55 of 1st period - Brandon Dubinsky wins face-off versus Logan Couture in neutral zone.
12:04 of 1st period - Wrist shot by Logan Couture.
12:04 of 1st period - Shot Misses the Net.
12:06 of 1st period - Slapshot by Nikolaj Ehlers.
12:06 of 1st period - Stopped by James Reimer without a rebound.
12:07 of 1st period - Logan Couture wins face-off versus Brandon Dubinsky in Red Wings zone.
12:16 of 1st period - Snap shot by Sam Gagner.
12:16 of 1st period - Stopped by Marc-Andre Fleury with a rebound.
12:22 of 1st period - Snap shot by Nikolaj Ehlers.
12:22 of 1st period - Stopped by James Reimer without a rebound.
12:23 of 1st period - John Tavares wins face-off versus Mike Hoffman in Red Wings zone.
12:34 of 1st period - Hampus Lindholm is hit by Dion Phaneuf and loses puck.
13:40 of 1st period - Snap shot by John Carlson.
13:40 of 1st period - Stopped by Marc-Andre Fleury with a rebound.
13:52 of 1st period - Wrist shot by Nicklas Jensen.
13:52 of 1st period - Shot Misses the Net.
13:54 of 1st period - Wrist shot by Boyd Gordon.
13:54 of 1st period - Shot Misses the Net.
13:56 of 1st period - Wrist shot by Nicklas Jensen.
13:56 of 1st period - Shot Misses the Net.
13:58 of 1st period - Snap shot by Sergey Kalinin.
13:58 of 1st period - Deflect By Nicklas Jensen.
13:58 of 1st period - Stopped by James Reimer without a rebound.
13:59 of 1st period - Nikolaj Ehlers wins face-off versus Brandon Dubinsky in Red Wings zone.
14:04 of 1st period - Snap shot by Nikolaj Ehlers.
14:04 of 1st period - Shot Misses the Net.
14:06 of 1st period - Wrist shot by Hampus Lindholm.
14:06 of 1st period - Shot Misses the Net.
14:08 of 1st period - Wrist shot by Bobby Ryan.
14:08 of 1st period - Shot Blocked by Brandon Dubinsky.
14:47 of 1st period - Cedric Paquette is hit by Jeff Petry and loses puck.
15:44 of 1st period - Steven Santini is hit by Nick Bonino and loses puck.
15:59 of 1st period - Dion Phaneuf is hit by Logan Couture and loses puck.
17:22 of 1st period - Snap shot by David Pastrnak.
17:22 of 1st period - Shot Blocked by Lars Eller.
17:24 of 1st period - Wrist shot by Brandon Dubinsky.
17:24 of 1st period - Stopped by Marc-Andre Fleury with a rebound.
17:26 of 1st period - Slapshot by Ben Hutton.
17:26 of 1st period - Deflect By Sam Gagner.
17:26 of 1st period - Shot Misses the Net.
17:26 of 1st period - Puck is out of play.
17:27 of 1st period - Mike Hoffman wins face-off versus John Tavares in Maple Leafs zone.
17:55 of 1st period - Backhand shot by David Pastrnak.
17:55 of 1st period - Shot Misses the Net.
17:57 of 1st period - Snap shot by Christian Djoos.
17:57 of 1st period - Stopped by Marc-Andre Fleury with a rebound.
17:59 of 1st period - Wrist shot by David Pastrnak.
17:59 of 1st period - Stopped by Marc-Andre Fleury with a rebound.
18:01 of 1st period - Slapshot by Christian Djoos.
18:01 of 1st period - Stopped by Marc-Andre Fleury without a rebound.
18:02 of 1st period - Logan Couture wins face-off versus John Tavares in Maple Leafs zone.
18:18 of 1st period - Snap shot by Logan Couture.
18:18 of 1st period - Shot Misses the Net.
19:10 of 1st period - Boyd Gordon is hit by Connor Murphy.
Goals for this period are 1 for Maple Leafs vs 0 for Red Wings.
Shots for this period are 12 for Maple Leafs vs 11 for Red Wings.

2nd period


0:01 of 2nd period - Tomas Tatar wins face-off versus Logan Couture in neutral zone.
0:03 of 2nd period - Minor Penalty to Dion Phaneuf for Interference.
0:04 of 2nd period - Nick Bonino wins face-off versus Logan Couture in Red Wings zone.
0:56 of 2nd period - Mikhail Sergachev is hit by Cedric Paquette and loses puck.
2:03 of 2nd period - Penalty to Dion Phaneuf is over, Dion Phaneuf is back on ice.
2:30 of 2nd period - Steven Santini is hit by Nick Bonino and loses puck.
4:06 of 2nd period - Boyd Gordon is hit by Joseph Blandisi and loses puck.
5:04 of 2nd period - Wrist shot by David Pastrnak.
5:04 of 2nd period - Stopped by Marc-Andre Fleury without a rebound.
5:05 of 2nd period - Logan Couture wins face-off versus Brandon Dubinsky in Maple Leafs zone.
5:10 of 2nd period - Wrist shot by David Pastrnak.
5:10 of 2nd period - Stopped by Marc-Andre Fleury without a rebound.
5:11 of 2nd period - Logan Couture wins face-off versus John Tavares in Maple Leafs zone.
5:22 of 2nd period - John Tavares is hit by Bobby Ryan and loses puck.
5:49 of 2nd period - Slapshot by David Pastrnak.
5:49 of 2nd period - Stopped by Marc-Andre Fleury without a rebound.
5:50 of 2nd period - Logan Couture wins face-off versus Matt Nieto in Maple Leafs zone.
5:50 of 2nd period - Logan Couture is hit by John Carlson.
6:06 of 2nd period - Slapshot by Nick Bonino.
6:06 of 2nd period - Shot Misses the Net.
6:29 of 2nd period - Icing by John Carlson.
6:30 of 2nd period - John Tavares wins face-off versus Nikolaj Ehlers in Red Wings zone.
6:30 of 2nd period - John Tavares is hit by Bobby Ryan.
6:36 of 2nd period - John Carlson is hit by Nikolaj Ehlers.
8:43 of 2nd period - Blake Comeau is hit by Dion Phaneuf and loses puck.
9:09 of 2nd period - Minor Penalty to Mike Hoffman for Cross-checking.
9:10 of 2nd period - Brandon Dubinsky wins face-off versus Logan Couture in Maple Leafs zone.
9:26 of 2nd period - Slapshot by David Pastrnak.
9:26 of 2nd period - Stopped by Marc-Andre Fleury with a rebound.
9:59 of 2nd period - Connor Murphy is hit by Jesper Bratt and loses puck.
10:06 of 2nd period - David Pastrnak is hit by Mikhail Sergachev and loses puck.
11:09 of 2nd period - Penalty to Mike Hoffman is over, Mike Hoffman is back on ice.
11:22 of 2nd period - Oscar Lindberg is hit by Sergey Kalinin and loses puck.
11:39 of 2nd period - Nick Bonino is hit by Logan Couture and loses puck.
12:24 of 2nd period - Brandon Dubinsky is hit by Boyd Gordon and loses puck.
14:42 of 2nd period - Snap shot by Mikhail Sergachev.
14:42 of 2nd period - Shot Misses the Net.
15:00 of 2nd period - Boyd Gordon is hit by David Pastrnak and loses puck.
15:59 of 2nd period - John Tavares is hit by Mike Hoffman and loses puck.
16:18 of 2nd period - Oscar Lindberg is hit by Logan Couture and loses puck.
16:29 of 2nd period - Icing by Oscar Lindberg.
16:30 of 2nd period - Nick Bonino wins face-off versus Sergey Kalinin in Red Wings zone.
16:30 of 2nd period - Nick Bonino is hit by Paul Martin.
16:44 of 2nd period - Hampus Lindholm is hit by Dion Phaneuf.
17:15 of 2nd period - Wrist shot by Blake Comeau.
17:15 of 2nd period - Shot Misses the Net.
17:21 of 2nd period - Slapshot by John Carlson.
17:21 of 2nd period - Stopped by Marc-Andre Fleury with a rebound.
17:58 of 2nd period - Wrist shot by Logan Couture.
17:58 of 2nd period - Shot Blocked by Ben Hutton.
18:00 of 2nd period - Slapshot by Mikhail Sergachev.
18:00 of 2nd period - Shot Blocked by Connor Murphy.
18:33 of 2nd period - Toby Enstrom is hit by Cedric Paquette.
18:39 of 2nd period - Jake DeBrusk is hit by Toby Enstrom and loses puck.
19:13 of 2nd period - Logan Couture is hit by Sam Gagner and loses puck.
19:44 of 2nd period - Nicklas Jensen is hit by Mark Scheifele and loses puck.
Goals for this period are 0 for Maple Leafs vs 0 for Red Wings.
Shots for this period are 0 for Maple Leafs vs 5 for Red Wings.

3rd period


0:01 of 3rd period - Brandon Dubinsky wins face-off versus Logan Couture in neutral zone.
0:06 of 3rd period - Snap shot by Logan Couture.
0:06 of 3rd period - Shot Blocked by Sam Gagner.
0:31 of 3rd period - John Carlson is hit by Blake Comeau and loses puck.
1:11 of 3rd period - Snap shot by Brandon Dubinsky.
1:11 of 3rd period - Stopped by Marc-Andre Fleury with a rebound.
1:13 of 3rd period - Snap shot by Brandon Dubinsky.
1:13 of 3rd period - Deflect By David Pastrnak.
1:13 of 3rd period - Shot Misses the Net.
1:13 of 3rd period - Puck is out of play.
1:14 of 3rd period - Brandon Dubinsky wins face-off versus Bobby Ryan in Maple Leafs zone.
2:03 of 3rd period - Tom Kostopoulos is hit by Connor Murphy and loses puck.
2:26 of 3rd period - Snap shot by Nicklas Jensen.
2:26 of 3rd period - Stopped by James Reimer with a rebound.
2:28 of 3rd period - Slapshot by Boyd Gordon.
2:28 of 3rd period - Stopped by James Reimer without a rebound.
2:29 of 3rd period - Logan Couture wins face-off versus John Tavares in Red Wings zone.
2:56 of 3rd period - Paul Martin is hit by Sam Gagner and loses puck.
3:07 of 3rd period - Wrist shot by Mike Hoffman.
3:07 of 3rd period - Shot Misses the Net.
3:21 of 3rd period - Snap shot by Joseph Blandisi.
3:21 of 3rd period - Shot Blocked by Stephen Gionta.
3:39 of 3rd period - Snap shot by Nikolaj Ehlers.
3:39 of 3rd period - Stopped by James Reimer without a rebound.
3:40 of 3rd period - John Tavares wins face-off versus Logan Couture in Red Wings zone.
3:40 of 3rd period - John Tavares is hit by Logan Couture.
4:11 of 3rd period - Wrist shot by Tomas Tatar.
4:11 of 3rd period - Stopped by Marc-Andre Fleury with a rebound.
4:13 of 3rd period - Slapshot by Connor Murphy.
4:13 of 3rd period - Stopped by Marc-Andre Fleury with a rebound.
4:15 of 3rd period - Snap shot by John Tavares.
4:15 of 3rd period - Goal by John Tavares - Maple Leafs : 1 - Red Wings : 1.
4:16 of 3rd period - Brandon Dubinsky wins face-off versus Mike Hoffman in neutral zone.
4:40 of 3rd period - Icing by Logan Couture.
4:41 of 3rd period - Bobby Ryan wins face-off versus Tomas Tatar in Maple Leafs zone.
4:41 of 3rd period - Bobby Ryan is hit by Mark Scheifele.
4:49 of 3rd period - Slapshot by Jeff Petry.
4:49 of 3rd period - Shot Misses the Net.
4:51 of 3rd period - Slapshot by Hampus Lindholm.
4:51 of 3rd period - Deflect By Logan Couture.
4:51 of 3rd period - Stopped by James Reimer without a rebound.
4:52 of 3rd period - Brandon Dubinsky wins face-off versus Logan Couture in Red Wings zone.
4:57 of 3rd period - Slapshot by John Carlson.
4:57 of 3rd period - Shot Misses the Net.
4:59 of 3rd period - Snap shot by Sam Gagner.
4:59 of 3rd period - Stopped by Marc-Andre Fleury without a rebound.
5:00 of 3rd period - Brandon Dubinsky wins face-off versus Nikolaj Ehlers in Maple Leafs zone.
5:03 of 3rd period - Snap shot by David Pastrnak.
5:03 of 3rd period - Stopped by Marc-Andre Fleury with a rebound.
5:05 of 3rd period - Snap shot by David Pastrnak.
5:05 of 3rd period - Shot Blocked by Hampus Lindholm.
5:07 of 3rd period - Wrist shot by David Pastrnak.
5:07 of 3rd period - Shot Blocked by Logan Couture.
5:09 of 3rd period - Slapshot by David Pastrnak.
5:09 of 3rd period - Shot Misses the Net.
5:11 of 3rd period - Slapshot by John Carlson.
5:11 of 3rd period - Deflect By Logan Couture.
5:11 of 3rd period - Stopped by Marc-Andre Fleury without a rebound.
5:12 of 3rd period - Logan Couture wins face-off versus John Tavares in Maple Leafs zone.
5:23 of 3rd period - Mark Scheifele is hit by Jeff Petry and loses puck.
5:38 of 3rd period - Hampus Lindholm is hit by Brandon Dubinsky.
5:44 of 3rd period - Snap shot by Sam Gagner.
5:44 of 3rd period - Shot Blocked by Jeff Petry.
5:46 of 3rd period - Slapshot by Ben Hutton.
5:46 of 3rd period - Goal by Ben Hutton - Maple Leafs : 1 - Red Wings : 2.
5:47 of 3rd period - Logan Couture wins face-off versus Brandon Dubinsky in neutral zone.
5:52 of 3rd period - Wrist shot by Hampus Lindholm.
5:52 of 3rd period - Deflect By Logan Couture.
5:52 of 3rd period - Shot Misses the Net.
5:52 of 3rd period - Puck is out of play.
5:53 of 3rd period - Brandon Dubinsky wins face-off versus Logan Couture in Red Wings zone.
6:02 of 3rd period - Snap shot by David Pastrnak.
6:02 of 3rd period - Stopped by Marc-Andre Fleury with a rebound.
6:30 of 3rd period - Wrist shot by John Tavares.
6:30 of 3rd period - Shot Misses the Net.
8:11 of 3rd period - Slapshot by Nick Bonino.
8:11 of 3rd period - Shot Hit the Post.
8:21 of 3rd period - Stephen Gionta is hit by Brandon Dubinsky and loses puck.
8:26 of 3rd period - Slapshot by David Pastrnak.
8:26 of 3rd period - Deflect By Sam Gagner.
8:26 of 3rd period - Shot Misses the Net.
8:26 of 3rd period - Puck is out of play.
8:27 of 3rd period - John Tavares wins face-off versus Mike Hoffman in Maple Leafs zone.
8:57 of 3rd period - Snap shot by Bobby Ryan.
8:57 of 3rd period - Stopped by James Reimer without a rebound.
8:58 of 3rd period - Logan Couture wins face-off versus Brandon Dubinsky in Red Wings zone.
8:59 of 3rd period - Wrist shot by Nikolaj Ehlers.
8:59 of 3rd period - Stopped by James Reimer with a rebound.
9:04 of 3rd period - Off-side.
9:05 of 3rd period - Logan Couture wins face-off versus Brandon Dubinsky in neutral zone.
9:16 of 3rd period - Hampus Lindholm is hit by David Pastrnak and loses puck.
9:51 of 3rd period - Snap shot by Joseph Blandisi.
9:51 of 3rd period - Stopped by Marc-Andre Fleury without a rebound.
9:52 of 3rd period - Stephen Gionta wins face-off versus Nick Bonino in Maple Leafs zone.
10:01 of 3rd period - Snap shot by Matt Nieto.
10:01 of 3rd period - Shot Blocked by Paul Martin.
10:03 of 3rd period - Slapshot by Ben Hutton.
10:03 of 3rd period - Stopped by Marc-Andre Fleury without a rebound.
10:04 of 3rd period - John Tavares wins face-off versus Logan Couture in Maple Leafs zone.
10:09 of 3rd period - Snap shot by John Tavares.
10:09 of 3rd period - Shot Misses the Net.
10:11 of 3rd period - Snap shot by Dion Phaneuf.
10:11 of 3rd period - Stopped by Marc-Andre Fleury without a rebound.
10:12 of 3rd period - Logan Couture wins face-off versus John Tavares in Maple Leafs zone.
10:19 of 3rd period - Slapshot by Mark Scheifele.
10:19 of 3rd period - Shot Misses the Net.
10:57 of 3rd period - Snap shot by John Tavares.
10:57 of 3rd period - Stopped by Marc-Andre Fleury with a rebound.
10:59 of 3rd period - Wrist shot by John Tavares.
10:59 of 3rd period - Shot Misses the Net.
11:18 of 3rd period - John Carlson is hit by Logan Couture and loses puck.
11:23 of 3rd period - Wrist shot by Tomas Tatar.
11:23 of 3rd period - Stopped by Marc-Andre Fleury with a rebound.
11:25 of 3rd period - Wrist shot by John Carlson.
11:25 of 3rd period - Shot Blocked by Mikhail Sergachev.
11:27 of 3rd period - Slapshot by Dion Phaneuf.
11:27 of 3rd period - Shot Misses the Net.
11:29 of 3rd period - Backhand shot by Dion Phaneuf.
11:29 of 3rd period - Deflect By Nikolaj Ehlers.
11:29 of 3rd period - Stopped by Marc-Andre Fleury without a rebound.
11:30 of 3rd period - Brandon Dubinsky wins face-off versus Mike Hoffman in Maple Leafs zone.
11:55 of 3rd period - Hampus Lindholm is hit by Ben Hutton and loses puck.
12:23 of 3rd period - Slapshot by Dylan DeMelo.
12:23 of 3rd period - Shot Blocked by Jeff Petry.
12:25 of 3rd period - Snap shot by Lukas Sedlak.
12:25 of 3rd period - Stopped by Marc-Andre Fleury with a rebound.
12:27 of 3rd period - Wrist shot by Cedric Paquette.
12:27 of 3rd period - Shot Misses the Net.
12:54 of 3rd period - Slapshot by Hampus Lindholm.
12:54 of 3rd period - Shot Misses the Net.
13:14 of 3rd period - Snap shot by Jesper Bratt.
13:14 of 3rd period - Stopped by James Reimer with a rebound.
13:16 of 3rd period - Wrist shot by Steven Santini.
13:16 of 3rd period - Shot Blocked by John Carlson.
13:18 of 3rd period - Slapshot by Toby Enstrom.
13:18 of 3rd period - Stopped by James Reimer without a rebound.
13:19 of 3rd period - Stephen Gionta wins face-off versus Brandon Dubinsky in Red Wings zone.
13:20 of 3rd period - Snap shot by Jesper Bratt.
13:20 of 3rd period - Shot Misses the Net.
13:22 of 3rd period - Snap shot by Tom Kostopoulos.
13:22 of 3rd period - Shot Misses the Net.
13:24 of 3rd period - Snap shot by Jesper Bratt.
13:24 of 3rd period - Goal by Jesper Bratt - Maple Leafs : 2 - Red Wings : 2.
13:25 of 3rd period - John Tavares wins face-off versus Logan Couture in neutral zone.
14:19 of 3rd period - Wrist shot by Blake Comeau.
14:19 of 3rd period - Stopped by James Reimer without a rebound.
14:20 of 3rd period - John Tavares wins face-off versus Mike Hoffman in Red Wings zone.
14:33 of 3rd period - Snap shot by Blake Comeau.
14:33 of 3rd period - Stopped by James Reimer without a rebound.
14:34 of 3rd period - David Pastrnak wins face-off versus Stephen Gionta in Red Wings zone.
14:34 of 3rd period - David Pastrnak is hit by Tom Kostopoulos.
14:42 of 3rd period - Minor Penalty to Tom Kostopoulos for Interference.
14:43 of 3rd period - Logan Couture wins face-off versus John Tavares in Maple Leafs zone.
15:15 of 3rd period - Wrist shot by Sam Gagner.
15:15 of 3rd period - Stopped by Marc-Andre Fleury with a rebound.
15:17 of 3rd period - Wrist shot by Sam Gagner.
15:17 of 3rd period - Stopped by Marc-Andre Fleury without a rebound.
15:18 of 3rd period - Logan Couture wins face-off versus John Tavares in Maple Leafs zone.
15:41 of 3rd period - Snap shot by Bobby Ryan.
15:41 of 3rd period - Stopped by James Reimer without a rebound.
15:42 of 3rd period - Brandon Dubinsky wins face-off versus Logan Couture in Red Wings zone.
16:07 of 3rd period - Mike Hoffman is hit by Mark Scheifele and loses puck.
16:42 of 3rd period - Penalty to Tom Kostopoulos is over, Tom Kostopoulos is back on ice.
16:56 of 3rd period - Snap shot by Mike Hoffman.
16:56 of 3rd period - Shot Misses the Net.
17:16 of 3rd period - Wrist shot by Nicklas Jensen.
17:16 of 3rd period - Stopped by James Reimer without a rebound.
17:17 of 3rd period - Sergey Kalinin wins face-off versus Tomas Tatar in Red Wings zone.
17:22 of 3rd period - Wrist shot by Sergey Kalinin.
17:22 of 3rd period - Goal by Sergey Kalinin - Maple Leafs : 3 - Red Wings : 2.
17:23 of 3rd period - Stephen Gionta wins face-off versus John Tavares in neutral zone.
17:30 of 3rd period - Wrist shot by Jesper Bratt.
17:30 of 3rd period - Shot Misses the Net.
17:32 of 3rd period - Backhand shot by Stephen Gionta.
17:32 of 3rd period - Stopped by James Reimer without a rebound.
17:33 of 3rd period - John Tavares wins face-off versus Stephen Gionta in Red Wings zone.
18:47 of 3rd period - Wrist shot by Mark Scheifele.
18:47 of 3rd period - Shot Blocked by Hampus Lindholm.
19:00 of 3rd period - Icing by John Carlson.
19:01 of 3rd period - John Tavares wins face-off versus Logan Couture in Red Wings zone.
19:10 of 3rd period - Slapshot by Nikolaj Ehlers.
19:10 of 3rd period - Shot Misses the Net.
19:12 of 3rd period - Snap shot by Nikolaj Ehlers.
19:12 of 3rd period - Stopped by James Reimer with a rebound.
19:14 of 3rd period - Slapshot by Steven Santini.
19:14 of 3rd period - Stopped by James Reimer without a rebound.
19:15 of 3rd period - Michel Therrien call a timeout for Red Wings.
19:15 of 3rd period - Lukas Sedlak wins face-off versus Logan Couture in Red Wings zone.
19:15 of 3rd period - Lukas Sedlak is hit by Toby Enstrom.
19:21 of 3rd period - Red Wings, James Reimer is pulled from the net.
19:29 of 3rd period - Wrist shot by Bobby Ryan.
19:29 of 3rd period - Shot Misses the Net.
Goals for this period are 2 for Maple Leafs vs 2 for Red Wings.
Shots for this period are 17 for Maple Leafs vs 18 for Red Wings.